 Dungeon Crawl Stone Soup version 0.28-a0-662-g1651b1f1e0 (webtiles) character file.

Game seed: 2583830103994543326

2 nukaronaldo the Grave Robber (level 1, 0/13 HPs)
             Began as a Vampire Necromancer on Oct 15, 2021.
             Frozen to death by an endoplasm (2 damage)
             ... on level 1 of the Dungeon.
             The game lasted 00:02:57 (126 turns).

nukaronaldo the Grave Robber (Vampire Necromancer)   Turns: 126, Time: 00:02:58

Health: 0/13       AC:  6    Str:  5 (7)  XL:     1   Next: 25%
Magic:  0/3        EV:  6    Int: 16 (17) God:
Gold:   0          SH:  0    Dex: 13 (14) Spells: 2/4 levels left

rFire   . . .      SeeInvis +   f - +0 dagger
rCold   . . .      Faith    .   (no shield)
rNeg    . . .      Spirit   .   e - +0 scale mail
rPois   .          Reflect  .   (no helmet)
rElec   .          Harm     .   (no cloak)
rCorr   .          Rampage  .   (no gloves)
Will    .....                   (no boots)
Stlth   +.........              (no amulet)
HPRegen 0.24/turn               (no ring)
MPRegen 0.08/turn               (no ring)

@: very slightly contaminated, healing quickly
A: alive, fangs 3, see invisible, vampiric 1
a: Exsanguinate


You were on level 1 of the Dungeon.
You visited 1 branch of the dungeon, and saw 1 of its levels.

Inventory:

Hand Weapons
 f - a +0 dagger (weapon)
Missiles
 c - 15 stones
Armour
 a - a +0 robe
 e - a +0 scale mail (worn)
Scrolls
 b - a scroll of identify {unknown}


   Skills:
 + Level 2.2 Dodging
 + Level 3.0 Stealth
 + Level 2.0 Spellcasting
 + Level 4.5 Necromancy


You had 2 spell levels left.
You knew the following spells:

 Your Spells              Type           Power      Damage    Failure   Level
a - Pain                  Necr           64%        1d7       63%         1
b - Animate Skeleton      Necr           32%        N/A       63%         1

Your spell library contained the following spells:

 Spells                   Type           Power      Damage    Failure   Level
 Vampiric Draining        Necr           8%         2d7       94%         3
 Animate Dead             Necr           8%         N/A       100%        4
 Agony                    Necr           16%        N/A       100%        5


Dungeon Overview and Level Annotations

Branches:
Dungeon (1/15)

Altars:


Innate Abilities, Weirdness & Mutations

Your natural rate of healing is accelerated.
You have razor-sharp teeth.
You have supernaturally acute eyesight. (SInv)
You are afflicted with vampirism.


Message History

There was something very wrong with that liquid.
You feel weakened.
You feel dopey.
You feel clumsy. The kobold hits you with a +0 dagger.
* * * LOW HITPOINT WARNING * * *
The hobgoblin hits you but does no damage.
Drop what? 5/52 slots (_ for help) (? for menu, Esc to quit)
Okay, then.
You don't have enough magic to cast this spell.
The kobold throws a stone.
The stone barely misses you.
Aiming: Pain (safe; 63% risk of failure)
Press: ? - help, Q - select action, (/) - cycle Shift-Dir - straight line, f - hobgoblin
Aim: a hobgoblin (chance to affect: 87%)
You miscast Pain.
You are very lightly contaminated with residual magic.
Nothing appears to happen.
The hobgoblin barely misses you. The kobold hits you but does no damage.
Your magical contamination has completely faded away.
The hobgoblin hits you.
The kobold throws a stone.
The stone hits you but does no damage.
You don't have enough magic to cast this spell.
The endoplasm freezes you.
You are frozen.
* * * LOW HITPOINT WARNING * * *
Aiming: Pain (safe; 63% risk of failure)
Press: ? - help, Q - select action, (/) - cycle Shift-Dir - straight line, f - kobold, p - hobgoblin
Aim: a kobold, wielding a +0 dagger and quivering stones (chance to affect: 87%)
You miscast Pain.
You are very lightly contaminated with residual magic.
Nothing appears to happen.
The hobgoblin hits you but does no damage.
The endoplasm freezes you.
You are frozen.
* * * LOW HITPOINT WARNING * * *
The kobold throws a stone.
The stone hits you but does no damage.
There is a stone staircase leading down here.
The hobgoblin barely misses you. The endoplasm freezes you.
You are frozen.
You die...

.......# #.#
#..#...###.# ..
#..#.....#.### ....
............ ...###
#.#.......####.....
#.#................
###..................
#...@gK..............
#......J...............
#.####.................
#...####..........
.....# #.........#
###.#.# ##.......#.
###.# #......#.. ..#
#.....#..< #.....#..#


You could see an endoplasm, a hobgoblin and a kobold.

Vanquished Creatures
  A goblin (D:1)
  A ball python (D:1)
2 creatures vanquished.

Notes
Turn   | Place    | Note
-------+----------+-------------------------------------------
     0 | D:1      | nukaronaldo the Vampire Necromancer began the quest for the
                  | Orb.
     0 | D:1      | Reached XP level 1. HP: 13/13 MP: 3/3
    93 | D:1      | Learned a level 1 spell: Animate Skeleton
   126 | D:1      | Frozen to death by an endoplasm

Illustrated notes

Levels and vault maps discovered:
D:1:      dpeg_arrival_solitude, layout_basic,
          dreamdust_ecumenical_altar_statues

Action                   || total
-------------------------++-------
Melee: Dagger            ||     4
 Cast: Pain              ||     3
  Use: Potion            ||     1
Armor: Scale mail        ||    11
Dodge: Dodged            ||     5

Table legend: (Time is in decaauts)
 A = Elapsed time spent in this place.
 B = Non-inter-level travel time spent in this place.
 C = Inter-level travel time spent in this place.
 D = Time resting spent in this place.
 E = Time spent auto-exploring this place.
 F = Levels seen in this place.
 G = Mean time per level.
                   A        B        C        D        E       F      G
               +--------+--------+--------+--------+--------+-----+--------+
         Total |    125 |    125 |      0 |      0 |      0 |   1 |  125.0 |
       Dungeon |    125 |    125 |      0 |      0 |      0 |   1 |  125.0 |
               +--------+--------+--------+--------+--------+-----+--------+

Top non-repeatable levels by time:
     D:1: 125 daAuts
